 Dungeon Crawl Stone Soup version 0.26.0-10-g1f06aea511 (webtiles) character file.

Game seed: 10431682086808961788

738 MisterFreud the Destroyer (level 7, -1/46 HPs)
             Began as a Demonspawn Conjurer on Jan 30, 2021.
             Was a Follower of Sif Muna.
             Slain by an ice beast (13 damage)
             ... on level 6 of the Dungeon.
             The game lasted 00:07:39 (5376 turns).

MisterFreud the Destroyer (Demonspawn Conjurer)     Turns: 5376, Time: 00:07:40

Health: -1/46      AC: 10    Str:  8    XL:     7   Next: 46%
Magic:  0/13       EV: 12    Int: 21    God:    Sif Muna [*.....]
Gold:   247        SH:  0    Dex: 11    Spells: 9/14 levels left

rFire    + . .     SeeInvis .   n - +1 short sword (venom)
rCold    . . .     Faith    .   (no shield)
rNeg     . . .     Spirit   +   a - +0 robe
rPois    .         Reflect  .   (no helmet)
rElec    .         Harm     .   s - +0 cloak
rCorr    .         Rampage  .   q - +0 pair of gloves
Will     .....                  (no boots)
Stlth    ++........             (no amulet)
HPRegen  0.15/turn              t - ring of wizardry
MPRegen  0.13/turn              j - ring of flight

@: sanguine armour
A: claws 2, fire resistance 1, magic shield, sanguine armour 1
a: Renounce Religion, Evoke Flight, Channel Magic


You were on level 6 of the Dungeon.
You worshipped Sif Muna.
Sif Muna was aware of your devotion.
You visited 1 branch of the dungeon, and saw 5 of its levels.

You collected 247 gold pieces.

Inventory:

Hand Weapons
 b - a +0 club
 d - a +0 dagger
 n - a +1 short sword of venom (weapon)
 r - a +2 quarterstaff of chaos
Missiles
 v - 17 poisoned darts
 B - 4 boomerangs
Armour
 a - a +0 robe (worn)
 q - a +0 pair of gloves (worn)
 s - a +0 cloak (worn)
Jewellery
 j - a ring of flight (right hand)
 t - a ring of wizardry (left hand)
 w - an uncursed ring of stealth {unknown}
 y - a +6 ring of strength {unknown}
 A - a +6 ring of dexterity {unknown}
Wands
 p - a wand of acid (6)
 x - a wand of paralysis (9)
Scrolls
 c - 5 scrolls of identify {unknown}
 g - a scroll of enchant weapon {unknown}
 h - a scroll of enchant armour {unknown}
 i - 3 scrolls of amnesia {unknown}
 k - 2 scrolls of remove curse {unknown}
 l - a scroll of teleportation {unknown}
 m - a scroll of fear {unknown}
 o - 2 scrolls of blinking {unknown}
 u - a scroll of immolation {unknown}
 z - a scroll of random uselessness {unknown}
Potions
 e - 3 potions of brilliance {unknown}
 f - a potion of flight {unknown}


   Skills:
 - Level 1.7 Dodging
 - Level 1.7 Stealth
 - Level 4.0 Spellcasting
 - Level 8.0 Conjurations
 + Level 1.3 Hexes
 + Level 2.4 Invocations


You had 9 spell levels left.
You knew the following spells:

 Your Spells              Type           Power        Failure   Level
a - Magic Dart            Conj           100%         1%          1
b - Fulminant Prism       Conj/Hex       11%          8%          4

Your spell library contained the following spells:

 Spells                   Type           Power        Failure   Level
 Searing Ray              Conj           74%          1%          2
 Dazzling Flash           Conj/Hex       46%          2%          3
 Iskenderun's Mystic Bla  Conj/Tloc      21%          9%          4


Dungeon Overview and Level Annotations

Branches:
Dungeon (4/15)
 Temple: D:4-7

Altars:
Cheibriados
Fedhas
Gozag
Sif Muna

Annotations:
D:4 Duvessa


Innate Abilities, Weirdness & Mutations

You have very sharp fingernails.
Your flesh is heat resistant. (rF+)
When hurt, damage is shared between your health and your magic reserves.
When seriously injured, your bleeding wounds create armour. (AC +6)


Message History

Press: ? - help, Shift-Dir - straight line, f/p - ice beast
Aim: an ice beast (severely wounded, 0% to evade)
The magic dart hits the ice beast.
The ice beast is almost dead.
A worker ant comes into view.
The ice beast hits you but does no damage.
Casting: Magic Dart (safe; 1% risk of failure)
Confirm with . or Enter, or press ? or * to list all spells.
You don't have enough magic to cast that spell.
Unknown command.
You closely miss the ice beast.
The ice beast is almost dead.
The ice beast hits you but does no damage.
An ice beast comes into view.
An adder comes into view.
You barely miss the ice beast.
The ice beast is almost dead.
The ice beast hits you.
* * * LOW HITPOINT WARNING * * *
The ice beast freezes you!
You die...

#####
##....#
#.....
#...#
#..# #.
#..###...
#@....#
#Y..#.#
#.....#
#..###Y.#
#.B# #.
#..# #...
#..S#
#....


You could see 2 ice beasts, a worker ant and an adder (wandering).

Vanquished Creatures
  2 phantoms (D:4)
  2 scorpions (D:4)
  Dowan (D:4)
  Crazy Yiuf (D:2)
  A hound (D:4)
  5 orc wizards (D:4)
  An iguana (D:4)
  3 worker ants
  A worker ant zombie (D:4)
  4 adders
  A shadow imp (D:2)
  An ooze (D:1)
  A worm (D:2)
  A dart slug (D:2)
  5 leopard geckos
  8 orcs (D:4)
  6 giant cockroaches
  3 goblins
  5 hobgoblins
  5 jackals
  8 kobolds
  A quokka (D:2)
  4 bats
  3 frilled lizards
  4 rats
77 creatures vanquished.

Vanquished Creatures (others)
  A fulminant prism (D:6)
1 creature vanquished.

Grand Total: 78 creatures vanquished

Notes
Turn   | Place    | Note
-------+----------+-------------------------------------------
     0 | D:1      | MisterFreud the Demonspawn Conjurer began the quest for the
                  | Orb.
     0 | D:1      | Reached XP level 1. HP: 13/13 MP: 3/3
   166 | D:1      | Gained mutation: You have sharp fingernails. [demonic
                  | ancestry]
   166 | D:1      | Reached XP level 2. HP: 19/19 MP: 0/5
   248 | D:1      | You fall into a shaft and drop 1 floor!
  1239 | D:2      | Reached skill level 5 in Conjurations
  1240 | D:2      | Gained mutation: When seriously injured, your bleeding
                  | wounds create armour. (AC +6) [demonic ancestry]
  1240 | D:2      | Reached XP level 3. HP: 24/24 MP: 2/6
  1547 | D:2      | Found a shimmering blue altar of Sif Muna.
  1549 | D:2      | Found a snail-covered altar of Cheibriados.
  1555 | D:2      | Became a worshipper of Sif Muna the Loreminder
  1653 | D:2      | Found a blossoming altar of Fedhas.
  2003 | D:2      | Gained mutation: You have very sharp fingernails. [demonic
                  | ancestry]
  2003 | D:2      | Reached XP level 4. HP: 25/30 MP: 1/7
  2554 | D:2      | Found a runed translucent door.
  2555 | D:2      | Noticed Crazy Yiuf
  2562 | D:2      | Killed Crazy Yiuf
  2563 | D:2      | Reached skill level 6 in Conjurations
  2939 | D:3      | Reached XP level 5. HP: 35/35 MP: 4/8
  3576 | D:4      | Noticed a phantom
  3580 | D:4      | Reached skill level 7 in Conjurations
  3815 | D:4      | Found an opulent altar of Gozag.
  3874 | D:4      | Killed a phantom
  3875 | D:4      | Gained mutation: Your flesh is heat resistant. (rF+)
                  | [demonic ancestry]
  3875 | D:4      | Reached XP level 6. HP: 41/41 MP: 0/9
  3984 | D:4      | Reached * piety under Sif Muna
  4079 | D:4      | Reached skill level 8 in Conjurations
  4345 | D:4      | Gained mutation: When hurt, damage is shared between your
                  | health and your magic reserves. [demonic ancestry]
  4345 | D:4      | Reached XP level 7. HP: 24/46 MP: 1/12
  4830 | D:4      | Reached skill level 1 in Invocations
  4861 | D:4      | HP: 2/46 [poisoned by a scorpion]
  5163 | D:4      | Learned a level 4 spell: Fulminant Prism
  5230 | D:4      | Noticed Dowan
  5248 | D:4      | Killed Dowan
  5249 | D:4      | Reached skill level 1 in Hexes
  5352 | D:4      | Noticed Duvessa
  5360 | D:4      | You fall into a shaft and drop 2 floors!
  5376 | D:6      | Slain by an ice beast

Illustrated notes

Levels and vault maps discovered:
D:1:      matt_arrival_spirals, layout_loops_ring, minmay_misc_feat_tiny,
          amcnicky_mini_pool_small
D:2:      layout_loops_ring, fedhas_altar_4,
          chequers_temple_overflow_statue_of_worship, grunt_ministairs_13,
          uniq_crazy_yiuf_cottage
D:3:      layout_loops_ring, chequers_arboretum, minivault_23,
          minmay_misc_feat_hallway
D:4:      layout_loops_cross, nicolae_overflow_hidden_temple,
          nicolae_gozag_seed_capital, st_stairs_1, uniq_duvessa
D:6:      layout_rooms, grunt_temple_overflow_order_and_chaos_2, serial_shops,
          nicolae_shop_waterfront, minmay_starry_boxes

Skill      XL: |  1  2  3  4  5  6  7 |
---------------+----------------------+-----
Conjurations   | 5 6 7 8 |  8.0
Spellcasting   | 3 4 |  4.0
Invocations    | 2 |  2.4
Hexes          | 1 |  1.3
Dodging        | |  1.7
Stealth        | |  1.7

Action                   |  1- 3 |  4- 6 |  7- 9 || total
-------------------------+-------+-------+-------++-------
Melee: Unarmed           |    10 |       |       ||    10
       Dagger            |    27 |       |       ||    27
       Short sword       |     2 |    54 |    54 ||   110
 Cast: Magic Dart        |    75 |    82 |    13 ||   170
       Fulminant Prism   |       |       |     1 ||     1
 Stab: Sleeping          |     1 |       |       ||     1
Armor: Robe              |     7 |    16 |    12 ||    35
Dodge: Dodged            |    41 |    29 |    23 ||    93
